2153 views
Uploaded 2023-03-25 02:50:32
Game version 1.35 (6115)
23:10 long 3on3 ladder game on (8)Battleground_LV
Saved by GIGA
2153 views
Uploaded 2023-03-25 02:50:32
Game version 1.35 (6115)
23:10 long 3on3 ladder game on (8)Battleground_LV


128 units @ 16.7k
/ 1.9k
83 buildings @ 13.7k
/ 6.7k

| Rod of Necromancy | 1 | 150 |
| Sacrificial Skull | 1 | 50 |
| total: | 2 | 200g |
| Acolyte | 8 | 600 | / | 0 |
| Ghoul | 6 | 720 | / | 0 |
| Crypt Fiend | 9 | 1935 | / | 360 |
| Banshee | 2 | 310 | / | 60 |
| Meat Wagon | 4 | 920 | / | 200 |
| Frost Wyrm | 4 | 1540 | / | 480 |
| total: | 33 | 6025g | / | 1100w |
| Nerubian Tower | 3 | 300 | / | 60 |
| Spirit Tower | 5 | 725 | / | 200 |
| Crypt | 2 | 400 | / | 100 |
| Ziggurat | 13 | 1950 | / | 650 |
| Graveyard | 1 | 215 | / | 0 |
| Altar of Darkness | 1 | 180 | / | 50 |
| Tomb of Relics | 1 | 130 | / | 30 |
| Temple of the Damned | 2 | 310 | / | 280 |
| Slaughterhouse | 2 | 280 | / | 270 |
| Boneyard | 2 | 350 | / | 400 |
| Halls of the Dead | 1 | 320 | / | 210 |
| Black Citadel | 1 | 325 | / | 230 |
| total: | 24 | 3815g | / | 1780w |
| 0:03 | Acolyte |
| 0:03 | Acolyte |
| 0:04 | Crypt |
| 0:06 | Ziggurat |
| 0:28 | Graveyard |
| 0:51 | Altar of Darkness |
| 1:07 | Ghoul |
| 1:14 | Ziggurat |
| 1:27 | Ghoul |
| 1:37 | Nerubian Tower |
| 1:51 | Tomb of Relics |
| 2:13 | Crypt Fiend |
| 2:35 | Crypt Fiend |
| 2:53 | Carrion Beetles |
| 2:58 | Rod of Necromancy |
| 3:00 | Sacrificial Skull |
| 3:20 | Crypt Fiend |
| 3:25 | Acolyte |
| 4:18 | Ziggurat |
| 4:20 | Ziggurat |
| 4:23 | Acolyte |
| 4:30 | Acolyte |
| 4:37 | Spiked Carapace |
| 4:45 | Ziggurat |
| 5:21 | Spirit Tower |
| 5:22 | Nerubian Tower |
| 5:24 | Acolyte |
| 5:24 | Acolyte |
| 5:47 | Ziggurat |
| 5:48 | Crypt |
| 5:56 | Ziggurat |
| 6:11 | Halls of the Dead |
| 6:23 | Impale |
| 6:30 | Spirit Tower |
| 6:36 | Crypt Fiend |
| 6:39 | Crypt Fiend |
| 7:08 | Nerubian Tower |
| 7:12 | Crypt Fiend |
| 7:23 | Crypt Fiend |
| 7:36 | Crypt Fiend |
| 7:54 | Creature Carapace |
| 7:54 | Creature Attack |
| 8:28 | Crypt Fiend |
| 8:30 | Ziggurat |
| 8:44 | Burrow |
| 9:11 | Ghoul |
| 9:12 | Ghoul |
| 9:12 | Ghoul |
| 9:12 | Ghoul |
| 9:49 | Temple of the Damned |
| 9:51 | Temple of the Damned |
| 9:55 | Carrion Beetles |
| 10:26 | Web |
| 10:52 | Improved Creature Carapace |
| 11:02 | Banshee |
| 11:03 | Banshee |
| 11:54 | Slaughterhouse |
| 11:55 | Slaughterhouse |
| 13:15 | Meat Wagon |
| 13:16 | Meat Wagon |
| 13:23 | Black Citadel |
| 13:25 | Unholy Strength |
| 14:03 | Meat Wagon |
| 14:03 | Meat Wagon |
| 14:07 | Ziggurat |
| 14:12 | Ziggurat |
| 16:22 | Boneyard |
| 16:34 | Boneyard |
| 16:43 | Acolyte |
| 17:33 | Spirit Tower |
| 17:35 | Spirit Tower |
| 17:55 | Freezing Breath |
| 17:55 | Frost Wyrm |
| 19:17 | Frost Wyrm |
| 19:17 | Frost Wyrm |
| 20:04 | Frost Wyrm |
| 20:41 | Ziggurat |
| 20:42 | Ziggurat |
| 20:43 | Ziggurat |
| 21:30 | Improved Creature Attack |
| Right click | 1078 |
| Select group | 843 |
| Select | 558 |
| Assign group | 295 |
| Misc. action | 190 |
| Build/train/purchase | 76 |
| Use ability | 14 |
| Resource trade | 11 |
| Minimap ping | 3 |


| Staff of Preservation | 1 | 150 |
| total: | 1 | 150g |
| Wisp | 35 | 2100 | / | 0 |
| Archer | 12 | 1560 | / | 120 |
| Hippogryph | 7 | 1120 | / | 140 |
| Chimaera | 3 | 990 | / | 210 |
| Druid of the Talon | 3 | 435 | / | 60 |
| Faerie Dragon | 1 | 155 | / | 25 |
| total: | 61 | 6360g | / | 555w |
| Ancient Protector | 8 | 1080 | / | 640 |
| Altar of Elders | 1 | 180 | / | 50 |
| Moon Well | 7 | 1260 | / | 280 |
| Ancient of War | 1 | 150 | / | 60 |
| Ancient of Wonders | 1 | 90 | / | 30 |
| Hunter's Hall | 1 | 210 | / | 100 |
| Tree of Life | 1 | 340 | / | 185 |
| Ancient of Wind | 2 | 300 | / | 280 |
| Chimaera Roost | 2 | 280 | / | 380 |
| Tree of Ages | 1 | 320 | / | 180 |
| Tree of Eternity | 1 | 330 | / | 200 |
| total: | 24 | 3890g | / | 2005w |
| 0:02 | Wisp |
| 0:02 | Wisp |
| 0:03 | Wisp |
| 0:31 | Altar of Elders |
| 0:37 | Moon Well |
| 0:40 | Wisp |
| 0:47 | Ancient of War |
| 0:49 | Wisp |
| 1:02 | Wisp |
| 1:30 | Moon Well |
| 1:39 | Wisp |
| 1:39 | Wisp |
| 1:39 | Wisp |
| 1:48 | Archer |
| 2:05 | Wisp |
| 2:08 | Ancient of Wonders |
| 2:23 | Archer |
| 2:28 | Archer |
| 2:35 | Mana Burn |
| 2:57 | Hunter's Hall |
| 3:03 | Archer |
| 3:35 | Wisp |
| 3:41 | Moon Well |
| 3:43 | Evasion |
| 3:59 | Archer |
| 4:52 | Tree of Life |
| 5:01 | Tree of Ages |
| 5:05 | Strength of the Moon |
| 5:05 | Moon Armor |
| 5:45 | Archer |
| 5:46 | Archer |
| 5:51 | Moon Well |
| 5:59 | Ancient Protector |
| 6:20 | Mana Burn |
| 7:26 | Wisp |
| 7:27 | Wisp |
| 7:36 | Ancient of Wind |
| 7:37 | Ancient of Wind |
| 7:52 | Wisp |
| 7:52 | Wisp |
| 7:52 | Wisp |
| 7:52 | Wisp |
| 7:53 | Wisp |
| 8:31 | Searing Arrows |
| 8:39 | Staff of Preservation |
| 8:48 | Hippogryph |
| 8:54 | Moon Well |
| 8:56 | Tree of Eternity |
| 9:01 | Wisp |
| 9:26 | Hippogryph |
| 9:29 | Strength of the Wild |
| 9:49 | Moon Well |
| 10:47 | Evasion |
| 11:14 | Hippogryph |
| 11:15 | Hippogryph |
| 11:35 | Chimaera Roost |
| 11:40 | Chimaera Roost |
| 11:48 | Wisp |
| 11:48 | Wisp |
| 12:01 | Reinforced Hides |
| 12:07 | Wisp |
| 12:07 | Wisp |
| 12:18 | Hippogryph |
| 13:16 | Trueshot Aura |
| 13:27 | Chimaera |
| 13:29 | Wisp |
| 13:30 | Wisp |
| 13:30 | Wisp |
| 13:32 | Hippogryph |
| 13:33 | Hippogryph |
| 13:48 | Improved Strength of the Moon |
| 13:56 | Moon Well |
| 13:58 | Wisp |
| 14:02 | Wisp |
| 14:02 | Wisp |
| 14:37 | Corrosive Breath |
| 14:44 | Improved Strength of the Wild |
| 16:15 | Chimaera |
| 17:18 | Druid of the Talon |
| 17:20 | Druid of the Talon |
| 17:23 | Chimaera |
| 17:27 | Advanced Strength of the Wild |
| 18:18 | Ancient Protector |
| 18:20 | Ancient Protector |
| 18:24 | Wisp |
| 18:24 | Wisp |
| 18:25 | Wisp |
| 18:29 | Ancient Protector |
| 18:32 | Archer |
| 18:32 | Archer |
| 18:33 | Archer |
| 18:33 | Archer |
| 18:34 | Archer |
| 18:39 | Faerie Dragon |
| 19:41 | Ancient Protector |
| 20:10 | Druid of the Talon |
| 20:29 | Ancient Protector |
| 20:36 | Improved Bows |
| 20:37 | Marksmanship |
| 20:42 | Ancient Protector |
| 20:47 | Ancient Protector |
| 20:48 | Wisp |
| 20:49 | Wisp |
| 20:49 | Wisp |
| 20:52 | Nature's Blessing |
| Select group | 280 |
| Select | 243 |
| Misc. action | 211 |
| Right click | 185 |
| Build/train/purchase | 90 |
| Use ability | 33 |
| Assign group | 24 |
| Chat | 12 |
| Minimap ping | 8 |
| Resource trade | 4 |
| Item give/drop | 2 |
| Remove unit | 1 |
| Esc | 1 |



| Healing Salve | 2 | 200 |
| Lesser Clarity Potion | 6 | 420 |
| Orb of Lightning | 1 | 375 |
| total: | 9 | 995g |
| Peon | 20 | 1500 | / | 0 |
| Grunt | 9 | 1800 | / | 0 |
| Troll Witch Doctor | 3 | 435 | / | 75 |
| Tauren | 2 | 560 | / | 160 |
| total: | 34 | 4295g | / | 235w |
| Watch Tower | 16 | 1760 | / | 1280 |
| Altar of Storms | 1 | 180 | / | 50 |
| Orc Burrow | 7 | 1120 | / | 280 |
| Voodoo Lounge | 1 | 130 | / | 30 |
| Barracks | 1 | 180 | / | 50 |
| War Mill | 2 | 410 | / | 0 |
| Great Hall | 5 | 1925 | / | 925 |
| Spirit Lodge | 1 | 150 | / | 150 |
| Tauren Totem | 1 | 135 | / | 155 |
| Stronghold | 2 | 630 | / | 380 |
| Fortress | 1 | 325 | / | 190 |
| total: | 35 | 5990g | / | 2920w |
| 0:02 | Peon |
| 0:03 | Peon |
| 0:19 | Altar of Storms |
| 0:31 | Peon |
| 0:35 | Orc Burrow |
| 0:38 | Peon |
| 0:50 | Voodoo Lounge |
| 0:54 | Peon |
| 0:55 | Peon |
| 0:55 | Peon |
| 0:55 | Peon |
| 0:55 | Peon |
| 0:55 | Peon |
| 0:55 | Peon |
| 0:55 | Peon |
| 1:34 | Barracks |
| 1:40 | Peon |
| 1:48 | Orc Burrow |
| 2:23 | Feral Spirit |
| 2:38 | Grunt |
| 2:38 | Grunt |
| 2:38 | Grunt |
| 2:38 | Grunt |
| 2:38 | Grunt |
| 2:38 | Grunt |
| 3:00 | Grunt |
| 3:31 | Grunt |
| 3:35 | Stronghold |
| 4:09 | Grunt |
| 4:13 | War Mill |
| 4:23 | War Mill |
| 4:25 | Healing Salve |
| 4:25 | Healing Salve |
| 4:42 | Orc Burrow |
| 5:24 | Lesser Clarity Potion |
| 5:26 | Lesser Clarity Potion |
| 5:56 | Pillage |
| 5:59 | Orc Burrow |
| 6:02 | Spirit Lodge |
| 6:04 | Steel Melee Weapons |
| 6:47 | Fortress |
| 6:51 | Chain Lighting |
| 6:55 | Lesser Clarity Potion |
| 6:56 | Lesser Clarity Potion |
| 7:11 | Serpent Ward |
| 7:15 | Witch Doctor Adept Training |
| 7:17 | Tauren Totem |
| 8:28 | Troll Witch Doctor |
| 8:46 | Feral Spirit |
| 9:04 | Hex |
| 9:25 | Tauren |
| 9:26 | Witch Doctor Master Training |
| 9:28 | Steel Armor |
| 9:56 | Great Hall |
| 10:19 | Tauren |
| 10:23 | Lesser Clarity Potion |
| 10:23 | Lesser Clarity Potion |
| 10:49 | Orc Burrow |
| 11:00 | Mirror Image |
| 11:02 | Reinforced Defenses |
| 11:10 | Watch Tower |
| 11:12 | Watch Tower |
| 11:58 | Peon |
| 11:58 | Peon |
| 12:00 | Watch Tower |
| 12:12 | Watch Tower |
| 12:14 | Peon |
| 12:21 | Peon |
| 12:21 | Peon |
| 12:50 | Watch Tower |
| 12:53 | Peon |
| 12:53 | Peon |
| 13:12 | Watch Tower |
| 13:27 | Watch Tower |
| 13:48 | Watch Tower |
| 14:01 | Watch Tower |
| 14:35 | Orb of Lightning |
| 14:40 | Troll Witch Doctor |
| 14:48 | Watch Tower |
| 15:08 | Watch Tower |
| 15:45 | Troll Witch Doctor |
| 16:38 | Stronghold |
| 17:03 | Great Hall |
| 17:09 | Watch Tower |
| 17:16 | Orc Burrow |
| 17:28 | Orc Burrow |
| 18:13 | Great Hall |
| 18:47 | Watch Tower |
| 19:29 | Great Hall |
| 19:59 | Great Hall |
| 20:28 | Watch Tower |
| 21:56 | Watch Tower |
| 22:05 | Watch Tower |
| Select group | 911 |
| Right click | 847 |
| Select | 279 |
| Build/train/purchase | 100 |
| Use ability | 31 |
| Minimap ping | 26 |
| Assign group | 16 |
| Resource trade | 6 |
| Esc | 4 |
| Remove unit | 3 |
| Misc. action | 1 |
81 units @ 7.7k
/ 1k
127 buildings @ 9.8k
/ 5.3k


| Boots of Speed | 2 | 500 |
| total: | 2 | 500g |
| Peasant | 17 | 1275 | / | 0 |
| Mortar Team | 1 | 180 | / | 70 |
| Flying Machine | 21 | 2100 | / | 630 |
| Dragonhawk Rider | 1 | 200 | / | 30 |
| total: | 40 | 3755g | / | 730w |
| Scout Tower | 11 | 330 | / | 220 |
| Arcane Tower | 4 | 280 | / | 200 |
| Guard Tower | 7 | 490 | / | 350 |
| Altar of Kings | 1 | 180 | / | 50 |
| Farm | 10 | 800 | / | 200 |
| Lumber Mill | 1 | 120 | / | 0 |
| Town Hall | 1 | 385 | / | 205 |
| Blacksmith | 1 | 140 | / | 60 |
| Arcane Vault | 1 | 130 | / | 30 |
| Workshop | 4 | 560 | / | 560 |
| Gryphon Aviary | 1 | 140 | / | 150 |
| Keep | 1 | 320 | / | 210 |
| Castle | 1 | 360 | / | 210 |
| total: | 31 | 2785g | / | 1475w |
| 0:02 | Peasant |
| 0:16 | Peasant |
| 0:18 | Altar of Kings |
| 0:20 | Peasant |
| 0:34 | Farm |
| 0:36 | Peasant |
| 0:45 | Peasant |
| 0:49 | Lumber Mill |
| 0:51 | Peasant |
| 0:59 | Peasant |
| 1:03 | Farm |
| 1:10 | Scout Tower |
| 1:22 | Peasant |
| 1:41 | Scout Tower |
| 1:45 | Peasant |
| 1:48 | Arcane Tower |
| 1:49 | Peasant |
| 1:57 | Farm |
| 2:04 | Scout Tower |
| 2:07 | Peasant |
| 2:16 | Arcane Tower |
| 2:27 | Storm Bolt |
| 3:12 | Arcane Tower |
| 3:14 | Scout Tower |
| 3:21 | Peasant |
| 3:30 | Town Hall |
| 3:34 | Scout Tower |
| 3:41 | Guard Tower |
| 3:43 | Scout Tower |
| 3:44 | Scout Tower |
| 3:46 | Peasant |
| 3:47 | Peasant |
| 3:49 | Improved Lumber Harvesting |
| 3:49 | Improved Masonry |
| 4:04 | Arcane Tower |
| 4:07 | Scout Tower |
| 4:09 | Guard Tower |
| 4:12 | Peasant |
| 4:36 | Guard Tower |
| 4:46 | Keep |
| 4:57 | Scout Tower |
| 5:01 | Guard Tower |
| 5:12 | Blacksmith |
| 5:18 | Peasant |
| 5:23 | Scout Tower |
| 5:34 | Guard Tower |
| 5:36 | Scout Tower |
| 5:42 | Peasant |
| 6:05 | Guard Tower |
| 6:23 | Guard Tower |
| 6:26 | Black Gunpowder |
| 7:06 | Castle |
| 7:14 | Workshop |
| 7:15 | Workshop |
| 7:21 | Workshop |
| 7:23 | Workshop |
| 7:28 | Refined Gunpowder |
| 7:32 | Advanced Lumber Harvesting |
| 7:32 | Advanced Masonry |
| 8:07 | Holy Light |
| 8:19 | Farm |
| 8:20 | Farm |
| 8:23 | Farm |
| 8:24 | Farm |
| 8:27 | Flak Cannons |
| 8:27 | Flare |
| 8:45 | Mortar Team |
| 8:56 | Iron Plating |
| 9:34 | Flying Machine Bombs |
| 9:35 | Fragmentation Shards |
| 9:44 | Imbued Gunpowder |
| 10:13 | Storm Bolt |
| 10:22 | Storm Bolt |
| 10:29 | Imbued Masonry |
| 10:45 | Flying Machine |
| 10:46 | Flying Machine |
| 10:46 | Flying Machine |
| 10:46 | Flying Machine |
| 10:47 | Flying Machine |
| 10:57 | Flying Machine |
| 10:57 | Flying Machine |
| 10:57 | Flying Machine |
| 11:01 | Flying Machine |
| 11:04 | Steel Plating |
| 11:10 | Holy Light |
| 12:41 | Boots of Speed |
| 12:41 | Boots of Speed |
| 12:45 | Flying Machine |
| 12:45 | Flying Machine |
| 12:45 | Flying Machine |
| 12:48 | Farm |
| 12:48 | Farm |
| 13:16 | Mithril Plating |
| 13:27 | Flying Machine |
| 13:28 | Flying Machine |
| 13:36 | Farm |
| 13:58 | Flying Machine |
| 13:59 | Flying Machine |
| 14:36 | Gryphon Aviary |
| 14:39 | Arcane Vault |
| 17:04 | Divine Shield |
| 18:10 | Cloud |
| 18:10 | Dragonhawk Rider |
| 18:12 | Flying Machine |
| 18:13 | Flying Machine |
| 18:13 | Flying Machine |
| 19:10 | Flying Machine |
| 19:10 | Flying Machine |
| 21:13 | Divine Shield |
| Right click | 839 |
| Select group | 509 |
| Select | 245 |
| Build/train/purchase | 85 |
| Misc. action | 46 |
| Use ability | 36 |
| Minimap ping | 16 |
| Assign group | 8 |
| Esc | 7 |
| Item give/drop | 1 |
GIGA
(207)
(23:06) : 

| Healing Salve | 2 | 200 |
| Orb of Lightning | 1 | 375 |
| Boots of Speed | 2 | 500 |
| Staff of Teleportation | 2 | 300 |
| Periapt of Vitality | 1 | 325 |
| Circlet of Nobility | 1 | 175 |
| Staff of Sanctuary | 1 | 250 |
| total: | 10 | 2125g |
| Peon | 17 | 1275 | / | 0 |
| Troll Witch Doctor | 3 | 435 | / | 75 |
| Troll Batrider | 3 | 480 | / | 120 |
| total: | 23 | 2190g | / | 195w |
| Watch Tower | 20 | 2200 | / | 1600 |
| Altar of Storms | 1 | 180 | / | 50 |
| Orc Burrow | 4 | 640 | / | 160 |
| War Mill | 1 | 205 | / | 0 |
| Voodoo Lounge | 1 | 130 | / | 30 |
| Spirit Lodge | 1 | 150 | / | 150 |
| Beastiary | 1 | 145 | / | 140 |
| Stronghold | 1 | 315 | / | 190 |
| Fortress | 1 | 325 | / | 190 |
| total: | 29 | 3650g | / | 2130w |
| 0:05 | Peon |
| 0:05 | Peon |
| 0:09 | Altar of Storms |
| 0:12 | Orc Burrow |
| 0:24 | Peon |
| 0:24 | Peon |
| 0:42 | Peon |
| 0:55 | Peon |
| 1:06 | War Mill |
| 1:26 | Voodoo Lounge |
| 1:29 | Peon |
| 1:35 | Peon |
| 1:44 | Orc Burrow |
| 1:47 | Peon |
| 1:56 | Peon |
| 2:02 | Peon |
| 2:11 | Wind Walk |
| 2:17 | Peon |
| 2:17 | Peon |
| 3:14 | Watch Tower |
| 3:18 | Peon |
| 3:18 | Peon |
| 3:18 | Peon |
| 3:41 | Watch Tower |
| 3:43 | Healing Salve |
| 3:53 | Peon |
| 4:45 | Critical Strike |
| 4:58 | Bash |
| 5:02 | Bash |
| 5:06 | Stronghold |
| 5:11 | Watch Tower |
| 5:12 | Watch Tower |
| 5:27 | Spiked Barricades |
| 6:21 | Watch Tower |
| 6:22 | Watch Tower |
| 7:27 | Watch Tower |
| 7:28 | Watch Tower |
| 7:31 | Fortress |
| 7:33 | Spirit Lodge |
| 7:34 | Reinforced Defenses |
| 7:35 | Improved Spiked Barricades |
| 7:52 | Healing Salve |
| 8:37 | Boots of Speed |
| 8:38 | Staff of Teleportation |
| 8:53 | Watch Tower |
| 8:54 | Watch Tower |
| 8:55 | Watch Tower |
| 8:55 | Watch Tower |
| 8:56 | Watch Tower |
| 8:56 | Watch Tower |
| 10:30 | Watch Tower |
| 11:02 | Witch Doctor Adept Training |
| 11:35 | Troll Witch Doctor |
| 11:49 | Wind Walk |
| 12:13 | Witch Doctor Master Training |
| 12:14 | Troll Witch Doctor |
| 12:14 | Troll Witch Doctor |
| 13:47 | Watch Tower |
| 13:48 | Watch Tower |
| 13:48 | Watch Tower |
| 13:49 | Watch Tower |
| 13:50 | Watch Tower |
| 14:42 | Beastiary |
| 16:11 | Critical Strike |
| 16:25 | Orb of Lightning |
| 17:26 | Liquid Fire |
| 17:27 | Troll Batrider |
| 17:27 | Troll Batrider |
| 17:27 | Troll Batrider |
| 19:25 | Critical Strike |
| 20:05 | Staff of Sanctuary |
| 20:26 | Orc Burrow |
| 21:09 | Boots of Speed |
| 21:09 | Periapt of Vitality |
| 21:21 | Orc Burrow |
| 21:41 | Circlet of Nobility |
| 21:42 | Staff of Teleportation |
| 21:54 | Chemical Rage |
| Right click | 1448 |
| Select group | 308 |
| Select | 161 |
| Build/train/purchase | 77 |
| Resource trade | 76 |
| Use ability | 23 |
| Minimap ping | 10 |
| Misc. action | 9 |
| Item give/drop | 9 |
| Assign group | 4 |
| Esc | 3 |

| Peasant | 15 | 1125 | / | 0 |
| Dragonhawk Rider | 3 | 600 | / | 90 |
| total: | 18 | 1725g | / | 90w |
| Scout Tower | 53 | 1590 | / | 1060 |
| Guard Tower | 21 | 1470 | / | 1050 |
| Arcane Tower | 16 | 1120 | / | 800 |
| Altar of Kings | 2 | 360 | / | 100 |
| Farm | 7 | 560 | / | 140 |
| Lumber Mill | 2 | 240 | / | 0 |
| Arcane Vault | 1 | 130 | / | 30 |
| Town Hall | 1 | 385 | / | 205 |
| Gryphon Aviary | 1 | 140 | / | 150 |
| Keep | 1 | 320 | / | 210 |
| Castle | 1 | 360 | / | 210 |
| total: | 67 | 3405g | / | 1685w |
| 0:08 | Altar of Kings |
| 0:10 | Altar of Kings |
| 0:13 | Farm |
| 0:14 | Peasant |
| 0:24 | Peasant |
| 0:44 | Peasant |
| 0:49 | Farm |
| 1:05 | Lumber Mill |
| 1:11 | Peasant |
| 1:19 | Farm |
| 1:21 | Scout Tower |
| 2:01 | Scout Tower |
| 2:02 | Peasant |
| 2:02 | Peasant |
| 2:13 | Storm Bolt |
| 2:31 | Guard Tower |
| 2:32 | Arcane Tower |
| 2:34 | Peasant |
| 2:50 | Peasant |
| 3:03 | Peasant |
| 3:03 | Peasant |
| 3:07 | Farm |
| 3:14 | Improved Masonry |
| 3:15 | Improved Lumber Harvesting |
| 3:16 | Advanced Masonry |
| 3:48 | Scout Tower |
| 3:49 | Scout Tower |
| 3:51 | Scout Tower |
| 4:29 | Guard Tower |
| 4:33 | Scout Tower |
| 4:34 | Scout Tower |
| 4:37 | Scout Tower |
| 4:42 | Peasant |
| 4:43 | Peasant |
| 4:43 | Peasant |
| 4:43 | Peasant |
| 4:43 | Peasant |
| 4:57 | Scout Tower |
| 4:57 | Scout Tower |
| 4:58 | Scout Tower |
| 5:03 | Guard Tower |
| 5:32 | Scout Tower |
| 5:38 | Guard Tower |
| 5:41 | Guard Tower |
| 5:42 | Guard Tower |
| 5:43 | Guard Tower |
| 5:45 | Scout Tower |
| 5:45 | Scout Tower |
| 5:46 | Scout Tower |
| 5:58 | Keep |
| 6:03 | Guard Tower |
| 6:11 | Guard Tower |
| 6:15 | Guard Tower |
| 6:17 | Guard Tower |
| 6:21 | Scout Tower |
| 6:22 | Scout Tower |
| 6:22 | Scout Tower |
| 6:46 | Scout Tower |
| 6:47 | Scout Tower |
| 6:47 | Scout Tower |
| 6:57 | Scout Tower |
| 7:01 | Guard Tower |
| 7:02 | Guard Tower |
| 7:09 | Scout Tower |
| 7:26 | Guard Tower |
| 7:31 | Guard Tower |
| 7:32 | Guard Tower |
| 7:35 | Scout Tower |
| 7:35 | Scout Tower |
| 7:37 | Scout Tower |
| 7:39 | Arcane Tower |
| 7:42 | Scout Tower |
| 7:58 | Scout Tower |
| 8:13 | Scout Tower |
| 8:20 | Arcane Tower |
| 8:29 | Arcane Tower |
| 8:30 | Scout Tower |
| 8:34 | Arcane Tower |
| 8:40 | Scout Tower |
| 8:43 | Arcane Tower |
| 8:46 | Scout Tower |
| 8:47 | Scout Tower |
| 8:47 | Scout Tower |
| 8:48 | Scout Tower |
| 8:49 | Scout Tower |
| 9:00 | Arcane Tower |
| 9:02 | Scout Tower |
| 9:23 | Imbued Masonry |
| 9:31 | Scout Tower |
| 9:33 | Arcane Tower |
| 9:36 | Guard Tower |
| 9:39 | Guard Tower |
| 9:41 | Scout Tower |
| 9:48 | Castle |
| 9:59 | Arcane Tower |
| 10:04 | Scout Tower |
| 10:07 | Guard Tower |
| 10:09 | Arcane Tower |
| 10:14 | Scout Tower |
| 10:16 | Scout Tower |
| 10:32 | Scout Tower |
| 10:33 | Scout Tower |
| 10:42 | Scout Tower |
| 11:00 | Gryphon Aviary |
| 11:05 | Arcane Vault |
| 11:08 | Guard Tower |
| 11:10 | Arcane Tower |
| 11:19 | Guard Tower |
| 11:20 | Arcane Tower |
| 11:23 | Scout Tower |
| 12:11 | Arcane Tower |
| 12:13 | Arcane Tower |
| 12:16 | Scout Tower |
| 12:17 | Scout Tower |
| 12:18 | Scout Tower |
| 12:21 | Scout Tower |
| 12:22 | Scout Tower |
| 12:24 | Scout Tower |
| 12:25 | Scout Tower |
| 13:15 | Lumber Mill |
| 13:17 | Cloud |
| 13:25 | Arcane Tower |
| 13:54 | Dragonhawk Rider |
| 13:55 | Dragonhawk Rider |
| 13:55 | Dragonhawk Rider |
| 13:59 | Farm |
| 14:00 | Farm |
| 14:53 | Town Hall |
| 15:22 | Arcane Tower |
| 17:21 | Farm |
| Right click | 622 |
| Select group | 448 |
| Select | 212 |
| Build/train/purchase | 77 |
| Assign group | 12 |
| Use ability | 6 |
| Esc | 6 |
| Resource trade | 6 |
| Misc. action | 2 |
| Remove unit | 2 |
⇛